 Dungeon Crawl Stone Soup version 0.19.5 (webtiles) character file.

115649 Vasilisck the Peltast (level 16, -7/149 HPs)
             Began as a Minotaur Fighter on Mar 15, 2017.
             Was the Champion of Okawaru.
             Mangled by an ettin simulacrum (10 damage)
             ... in an ice cave.
             The game lasted 01:19:18 (22693 turns).

Vasilisck the Peltast (Minotaur Fighter)           Turns: 22693, Time: 01:19:28

Health: -7/149     AC: 32    Str: 32    XL:     16   Next: 19%
Magic:  20/20      EV: 11    Int: 10    God:    Okawaru [******]
Gold:   882        SH: 16    Dex: 11    Spells: 0 memorised, 15 levels left

rFire  . . .     SeeInvis .     R - +8 demon blade "Leech" {vamp, rN+ AC-3 EV-3}
rCold  . . .     Gourm    .     V - +9 plate armour of the Mind {rCorr Int+5}
rNeg   + . .     Faith    .     J - +0 shield {reflect}
rPois  +         Spirit   .     T - +2 hat
rElec  .         Reflect  +     w - +2 cloak
rCorr  +         Harm     .     m - +0 pair of gloves
MR     ++...                    x - +0 pair of boots "Acvov" {rPois}
Stlth  ..........               e - amulet of regeneration
                                z - ring of protection from magic
                                p - +5 ring of strength

@: no status effects
A: retaliatory headbutt, horns 2, rugged brown scales 1, regeneration 1
a: Heroism, Finesse, Renounce Religion


You were in an ice cave.
You worshipped Okawaru.
Okawaru was exalted by your worship.
You were not hungry.

You visited 5 branches of the dungeon, and saw 25 of its levels.
You also visited: Ice Cave.

You collected 2532 gold pieces.
You spent 1650 gold pieces at shops.

Inventory:

Hand Weapons
 B - a +0 spear of venom
 R - the +8 demon blade "Leech" (weapon) {vamp, rN+ AC-3 EV-3}
   (You found it on level 2 of the Orcish Mines)

   It inflicts no extra harm, but heals its wielder when it wounds a living foe.
   It affects your AC (-3).
   It affects your evasion (-3).
   It protects you from negative energy.
Armour
 m - a +0 pair of gloves (worn)
 w - a +2 cloak (worn)
 x - the +0 pair of boots "Acvov" (worn) {rPois}
   (You found it on level 2 of the Orcish Mines)

   It protects you from poison.
 J - a +0 shield of reflection (worn)
 T - a +2 hat (worn)
 V - the +9 plate armour of the Mind (worn) {rCorr Int+5}
   (You bought it in a shop on level 4 of the Dungeon)

   It affects your intelligence (+5).
   It protects you from acid and corrosion.
Jewellery
 e - an amulet of regeneration (around neck)
 p - a +5 ring of strength (left hand)
 s - an uncursed ring of positive energy
 z - a ring of protection from magic (right hand)
 E - an uncursed ring of resist corrosion
 M - an uncursed ring of positive energy
Wands
 v - a wand of lightning (8/15)
 y - a wand of lightning (9/15)
 N - a wand of flame (36/48)
 P - a wand of teleportation (4/9)
 W - a wand of iceblast (13/15)
 Y - a wand of disintegration (8/24)
Scrolls
 b - 5 scrolls of blinking
 g - 9 scrolls of identify
 i - 9 scrolls of teleportation
 C - a scroll of silence
 D - a scroll of fear
 F - 2 scrolls of remove curse
Potions
 c - 3 potions of resistance
 d - 6 potions of might
 j - a potion of cure mutation
 k - 11 potions of curing
 l - 2 potions of agility
 n - 3 potions of heal wounds
 t - 3 potions of berserk rage
 u - 3 potions of flight
 K - a potion of haste
Books
 o - a book of Conjurations

   Spells                             Type                      Level
   a - Magic Dart                     Conjuration                  1
   b - Searing Ray                    Conjuration                  2
   c - Dazzling Spray                 Conjuration/Hexes            3
   d - Fulminant Prism                Conjuration/Hexes            4
   e - Iskenderun's Mystic Blast      Conjuration                  4
   f - Iskenderun's Battlesphere      Conjuration/Charms           5
 q - a Young Poisoner's Handbook

   Spells                             Type                      Level
   a - Sting                          Conjuration/Poison           1
   b - Mephitic Cloud                 Conjuration/Poison/Air       3
   c - Olgreb's Toxic Radiance        Poison                       4
   d - Alistair's Intoxication        Transmutation/Poison         5
   e - Venom Bolt                     Conjuration/Poison           5
Miscellaneous
 Q - a phial of floods
 Z - a disc of storms
Comestibles
 a - a slice of pizza
 f - 10 bread rations
 h - 3 beef jerkies
 r - 48 fruits
 A - 11 meat rations


   Skills:
 + Level 13.8 Fighting
 + Level 13.3 Long Blades
   Level 11.4 Axes
 + Level 13.8 Armour
 + Level 12.4 Dodging
 - Level 17.2 Shields
 - Level 7.0 Invocations


You had 15 spell levels left.
You didn't know any spells.

Dungeon Overview and Level Annotations

Branches:
Dungeon (15/15)            Temple (1/1) D:7            Lair (6/6) D:11
  Swamp (1/4) Lair:4       Spider (0/4) Lair:3        Slime (0/5) Lair:6
    Orc (2/2) D:10            Elf (0/3) Orc:2        Vaults (0/5) D:14
 Depths (0/5) D:15

Altars:
Ashenzari
Cheibriados
Dithmenos
Elyvilon
Fedhas
Gozag
Hepliaklqana
Kikubaaqudgha
Makhleb
Nemelex Xobeh
Okawaru
Qazlal
Ru
Sif Muna
Trog
Uskayaw
Vehumet
Xom
Yredelemnul
Zin
The Shining One
Beogh
Jiyva

Shops:
D:4 [   Orc:2 !*!*


Innate Abilities, Weirdness & Mutations

You reflexively headbutt those who attack you in melee.
You have a pair of horns on your head.
You are partially covered in rugged brown scales. (AC +1, +3% HP)
Your natural rate of healing is unusually fast.


Message History

The ettin simulacrum hits you. The ettin simulacrum freezes you!!
The ettin simulacrum hits you! The ettin simulacrum freezes you!!
* * * LOW HITPOINT WARNING * * *
You are too injured to fight recklessly!
You feel much better.
The wolf spider simulacrum hits you but does no damage.
You block the wolf spider simulacrum's attack.
The wolf spider simulacrum barely misses you.
You furiously retaliate!
You headbutt the wolf spider simulacrum!
The wolf spider simulacrum vapourises!
Okawaru accepts your kill.
You slice the ettin simulacrum!!
The ettin simulacrum is severely damaged.
The ettin simulacrum hits you!
* * * LOW HITPOINT WARNING * * *
The ettin simulacrum freezes you!!
* * * LOW HITPOINT WARNING * * *
The ettin simulacrum hits you!
You die...

##≈≈≈≈≈≈≈≈≈≈
##≈≈≈≈≈≈≈≈≈
#.#≈≈≈≈≈≈≈≈
##.##≈≈≈≈≈##
#.##≈≈≈≈≈≈###
#.## ≈#≈≈##.##
#..# ##≈#.Z..#
#..###.≈#Z##..#
#...#(###@#
#..#
#...#..##.#
...§
##...###.##
.§... ##..###.#
..... ##.##.##
.... #..##.#
.... ##§##.##
##§.##.##
#§§####§##


You could see a death yak simulacrum and an ettin simulacrum.

Vanquished Creatures
  Frances (D:12)
  Donald (Orc:2)
  Aizul (Swamp:1)
  2 orc warlords
  Josephine (Lair:4)
  An ogre mage (D:15)
  2 blizzard demons (IceCv)
  An ice dragon (Swamp:1)
  The ghost of galech the Cleaver, a journeyman DDFi of Makhleb (D:9)
  A merfolk avatar (Lair:6)
  A vault guard (D:14)
  The ghost of Frank the Blocker, a journeyman GrGl of the Shining One (D:12)
  11 hydras
  2 catoblepae
  A centaur warrior (D:10)
  A ghost crab (Swamp:1)
  2 death knights (D:14)
  An alligator (Swamp:1)
  Urug (Orc:1)
  4 orc high priests (Orc:2)
  Nergalle (Lair:4)
  A skeletal warrior (D:14)
  A sea snake (Lair:6)
  3 unseen horrors
  The ghost of Lizzreth the Impaler, a novice MfSk of Hepliaklqana (D:7)
  12 hill giants
  2 wolf spider zombies
  A necromancer (D:15)
  8 orc knights
  3 phantasmal warriors (D:14)
  4 deep elf magi
  A wolf spider (Lair:3)
  4 orc sorcerers
  14 ugly things
  4 cyclopes
  6 black mambas
  An ice statue (IceCv)
  A torpor snail (Lair:6)
  3 elephants (Lair:6)
  A naga mage (D:15)
  A gargoyle (D:14)
  A centaur skeleton (D:15)
  9 spiny frogs
  7 rime drakes
  An efreet (D:14)
  10 komodo dragons
  2 freezing wraiths (IceCv)
  4 ice devils (IceCv)
  9 trolls
  4 anaconda simulacra (IceCv)
  A golden dragon simulacrum (IceCv)
  A redback zombie (D:14)
  2 tyrant leeches (Swamp:1)
  6 hornets
  3 polar bears (Lair:6)
  A wolf spider simulacrum (IceCv)
  8 two-headed ogres
  Prince Ribbit (D:8)
  29 blink frogs
  3 slime creatures (D:14)
  2 bog bodies (Swamp:1)
  2 redbacks (Lair:3)
  17 hippogriffs
  3 wyverns
  A spriggan (Swamp:1)
  9 wraiths
  2 dire elephant simulacra (IceCv)
  2 basilisks
  A tarantella (shapeshifter) (D:13)
  43 yaks
  Grum (D:9)
  2 hungry ghosts
  7 wargs
  A steam dragon (D:11)
  A death yak simulacrum (IceCv)
  Edmund (D:5)
  2 harpy simulacra (IceCv)
  A mottled dragon (D:15)
  7 swamp worms
  15 water moccasins
  An iron troll simulacrum (IceCv)
  2 soldier ants
  4 hydra simulacra (IceCv)
  6 porcupines
  3 sky beasts
  3 swamp drakes (Swamp:1)
  3 hornet zombies
  An ice beast (D:14)
  46 orc warriors
  An alligator simulacrum (IceCv)
  4 phantoms
  2 black bears
  13 wolves
  5 centaurs
  23 ogres
  18 crocodiles
  16 bullfrogs
  3 big kobolds
  A gnoll sergeant (D:11)
  A wyvern skeleton (D:10)
  3 scorpions
  20 killer bees
  7 wights
  4 howler monkeys
  2 electric eels
  5 crimson imps
  2 jellies
  2 bullfrog zombies
  3 centaur zombies
  A lava snake (D:8)
  A quasit (D:8)
  A draconian simulacrum (IceCv)
  8 hounds
  31 orc priests
  26 orc wizards
  2 bullfrog skeletons
  5 iguanas
  4 worker ants
  3 troll simulacra (IceCv)
  2 wolf simulacra (IceCv)
  4 centaur simulacra (IceCv)
  3 hound skeletons
  2 hound zombies
  2 worker ant zombies
  8 gnolls
  14 adders
  4 naga simulacra (IceCv)
  5 shadow imps
  11 white imps (IceCv)
  5 ufetubi (IceCv)
  3 oozes
  An adder zombie (D:9)
  An adder skeleton (D:4)
  2 worms
  2 dart slugs
  7 leopard geckos
  124 orcs
  5 giant cockroaches
  4 goblins
  6 hobgoblins
  4 jackals
  5 quokkas
  5 ball pythons
  7 bats
  4 frilled lizards
  13 kobolds
  A leopard gecko skeleton (D:6)
  5 rats
877 creatures vanquished.

Vanquished Creatures (others)
  A cyclops (D:11)
  2 ufetubi (IceCv)
  A fungus (Lair:6)
  5 plants (Lair:6)
9 creatures vanquished.

Grand Total: 886 creatures vanquished

Notes
Turn   | Place    | Note
-------+----------+-------------------------------------------
     0 | D:1      | Vasilisck the Minotaur Fighter began the quest for the Orb.
     0 | D:1      | Reached XP level 1. HP: 19/19 MP: 0/0
   131 | D:1      | Reached XP level 2. HP: 21/27 MP: 1/1
   563 | D:1      | Reached skill level 4 in Shields
   797 | D:2      | Reached XP level 3. HP: 33/33 MP: 2/2
  1309 | D:3      | Reached XP level 4. HP: 40/40 MP: 3/3
  1355 | D:3      | Found a sparkling altar of Nemelex Xobeh.
  1427 | D:3      | Reached skill level 1 in Dodging
  1738 | D:3      | Reached XP level 5. HP: 47/47 MP: 4/4
  1807 | D:3      | Found a white marble altar of Elyvilon.
  1945 | D:3      | Found a faded altar of an unknown god.
  1945 | D:3      | Found a shadowy altar of Dithmenos.
  1960 | D:3      | Found a faded altar of an unknown god.
  1962 | D:3      | Found a faded altar of an unknown god.
  1964 | D:3      | Found a faded altar of an unknown god.
  2115 | D:4      | Reached skill level 5 in Shields
  2122 | D:4      | Found Fotask's Antique Armour Boutique.
  2267 | D:4      | Noticed a phantom
  2274 | D:4      | Found a shadowy altar of Dithmenos.
  2303 | D:4      | Killed a phantom
  2303 | D:4      | Reached skill level 5 in Armour
  2303 | D:4      | Reached XP level 6. HP: 33/55 MP: 5/5
  2495 | D:4      | Reached skill level 5 in Fighting
  2629 | D:4      | Reached XP level 7. HP: 49/61 MP: 6/6
  2770 | D:4      | Found a deep blue altar of Sif Muna.
  3005 | D:4      | Reached skill level 5 in Axes
  3007 | D:4      | Reached skill level 6 in Shields
  3442 | D:5      | Entered Level 5 of the Dungeon
  3526 | D:5      | Found a glowing silver altar of Zin.
  3544 | D:5      | Noticed Edmund
  3574 | D:5      | Killed Edmund
  3574 | D:5      | Reached XP level 8. HP: 60/70 MP: 7/7
  3582 | D:5      | Found a bloodstained altar of Trog.
  4663 | D:6      | Found a blossoming altar of Fedhas.
  4895 | D:6      | Found an iron altar of Okawaru.
  5255 | D:7      | Reached skill level 5 in Dodging
  5404 | D:6      | Reached skill level 7 in Shields
  5414 | D:6      | Became a worshipper of Warmaster Okawaru
  5430 | D:7      | Noticed Lizzreth's ghost (novice MfSk)
  5435 | D:7      | Killed Lizzreth's ghost
  5435 | D:7      | Reached * piety under Okawaru
  5435 | D:7      | Reached XP level 9. HP: 79/79 MP: 8/8
  5802 | D:7      | Found a staircase to the Ecumenical Temple.
  5811 | Temple   | Entered the Ecumenical Temple
  5997 | D:8      | Reached skill level 1 in Invocations
  6005 | D:8      | Noticed a hill giant
  6008 | D:8      | Noticed a troll
  6010 | D:8      | Killed a hill giant
  6010 | D:8      | Reached ** piety under Okawaru
  6012 | D:8      | Reached skill level 5 in Invocations
  6014 | D:8      | Killed a troll
  6076 | D:8      | Noticed Prince Ribbit
  6082 | D:8      | Killed Prince Ribbit
  6082 | D:8      | Reached *** piety under Okawaru
  6086 | D:8      | Found an opulent altar of Gozag.
  6174 | D:8      | Reached XP level 10. HP: 86/86 MP: 14/14
  6518 | D:8      | Found a sacrificial altar of Ru.
  6923 | D:9      | Found a burning altar of Makhleb.
  6947 | D:9      | Noticed galech's ghost (journeyman DDFi)
  6960 | D:9      | Killed galech's ghost
  6960 | D:9      | Reached skill level 8 in Shields
  7055 | D:9      | Noticed Grum
  7081 | D:9      | Killed Grum
  7081 | D:9      | Reached **** piety under Okawaru
  7249 | D:9      | Found a glowing golden altar of the Shining One.
  7395 | D:9      | Found a stormy altar of Qazlal.
  7527 | D:10     | Entered Level 10 of the Dungeon
  7627 | D:10     | Noticed a hill giant
  7641 | D:10     | Killed a hill giant
  7730 | D:10     | Reached skill level 9 in Shields
  7760 | D:10     | Gained mutation: Your spells are a little easier to cast, but a little less powerful. [potion of mutation]
  7760 | D:10     | Gained mutation: You are dopey. (Int -2) [potion of mutation]
  7760 | D:10     | Gained mutation: Your natural rate of healing is unusually fast. [potion of mutation]
  7925 | D:10     | Killed an unseen horror
  7925 | D:10     | Reached ***** piety under Okawaru
  7925 | D:10     | Reached XP level 11. HP: 93/95 MP: 15/15
  7929 | D:10     | Found a staircase to the Orcish Mines.
  7943 | D:10     | Found a roughly hewn altar of Beogh.
  7967 | Orc:1    | Entered Level 1 of the Orcish Mines
  7967 | Orc:1    | Noticed Urug
  7988 | Orc:1    | Killed Urug
  8025 | Orc:1    | Noticed an orc warlord
  8042 | Orc:1    | Killed an orc warlord
  8042 | Orc:1    | Received a gift from Okawaru
  8226 | Orc:2    | Entered Level 2 of the Orcish Mines
  8305 | Orc:2    | Reached skill level 10 in Shields
  8430 | Orc:2    | Noticed an orc knight
  8443 | Orc:2    | Killed an orc knight
  8443 | Orc:2    | Reached skill level 10 in Armour
  8470 | Orc:2    | Noticed Donald
  8477 | Orc:2    | Killed Donald
  8477 | Orc:2    | Reached skill level 10 in Fighting
  8477 | Orc:2    | Reached skill level 10 in Axes
  8562 | Orc:2    | Gained mutation: You heal very quickly. [potion of mutation]
  8562 | Orc:2    | Gained mutation: You are very dopey. (Int -4) [potion of mutation]
  8562 | Orc:2    | Gained mutation: You are frail. (-10% HP) [potion of mutation]
  8645 | Orc:2    | Noticed an orc sorcerer
  8645 | Orc:2    | Noticed an orc sorcerer
  8649 | Orc:2    | Paralysed by an orc sorcerer for 6 turns
  8663 | Orc:2    | Killed an orc sorcerer
  8668 | Orc:2    | Killed an orc sorcerer
  8677 | Orc:2    | Reached XP level 12. HP: 53/96 MP: 16/16
  8746 | Orc:2    | Got a pair of bloodstained boots
  8814 | Orc:2    | Noticed an orc high priest
  8827 | Orc:2    | Killed an orc high priest
  8827 | Orc:2    | Received a gift from Okawaru
  8827 | Orc:2    | Reached skill level 1 in Long Blades
  8836 | Orc:2    | Got a smoking robe {god gift}
  8847 | Orc:2    | Identified the +1 robe "Geber" {*Drain rC++ MR- Str+3} (Okawaru gifted it to you on level 2 of the Orcish Mines)
  8880 | Orc:2    | Found a roughly hewn altar of Beogh.
  8880 | Orc:2    | Noticed an orc warlord
  8933 | Orc:2    | Killed an orc warlord
  8933 | Orc:2    | Reached skill level 11 in Shields
  9125 | Orc:2    | Found a roughly hewn altar of Beogh.
  9212 | Orc:2    | Found Xuuvae's Distillery.
  9232 | Orc:2    | Bought a potion of cure mutation for 450 gold pieces
  9233 | Orc:2    | Lost mutation: You are frail. (-10% HP) [potion of cure mutation]
  9233 | Orc:2    | Lost mutation: You are very dopey. (Int -4) [potion of cure mutation]
  9233 | Orc:2    | Lost mutation: You are dopey. (Int -2) [potion of cure mutation]
  9233 | Orc:2    | Lost mutation: Your spells are a little easier to cast, but a little less powerful. [potion of cure mutation]
  9240 | Orc:2    | Found Fumivvi's Assorted Antiques.
  9258 | Orc:2    | Bought a scroll labeled HICWIDAIBB for 39 gold pieces
  9277 | Orc:2    | Reached skill level 10 in Dodging
  9560 | Orc:2    | Found Feqesero's General Store.
  9562 | Orc:2    | Noticed an orc high priest
  9574 | Orc:2    | Killed an orc high priest
  9609 | Orc:2    | Noticed an orc high priest
  9628 | Orc:2    | Killed an orc high priest
  9628 | Orc:2    | Reached skill level 5 in Long Blades
  9684 | Orc:2    | Noticed an orc high priest
  9688 | Orc:2    | Found Mowajec's Distillery.
  9698 | Orc:2    | Killed an orc high priest
  9795 | Orc:2    | Found a staircase to the Elven Halls.
  9804 | Orc:2    | Reached ****** piety under Okawaru
 10087 | Orc:1    | Received a gift from Okawaru
 10100 | Orc:1    | Reached XP level 13. HP: 78/116 MP: 17/17
 10482 | Orc:1    | Found a radiant altar of Vehumet.
 10731 | D:10     | You fall through a shaft for 2 floors!
 10841 | D:11     | Lost intelligence.
 10887 | D:10     | Reached skill level 12 in Shields
 11069 | D:4      | Bought a smoking plate armour for 588 gold pieces
 11079 | D:4      | Identified the +9 plate armour of the Mind {rCorr Int+5} (You bought it in a shop on level 4 of the Dungeon)
 11414 | Orc:2    | Bought a scroll of remove curse for 48 gold pieces
 11431 | Orc:2    | Identified the cursed +0 pair of boots "Acvov" {rPois} (You found it on level 2 of the Orcish Mines)
 12278 | D:11     | Found a staircase to the Lair.
 12301 | Lair:1   | Entered Level 1 of the Lair of Beasts
 13008 | Lair:1   | Received a gift from Okawaru
 13803 | Lair:2   | Reached skill level 13 in Shields
 14235 | Lair:3   | You fall through a shaft for 2 floors!
 14240 | Lair:5   | Reached XP level 14. HP: 127/127 MP: 18/18
 14342 | Lair:4   | Found a staircase to the Swamp.
 14447 | Lair:4   | Noticed Josephine
 14471 | Lair:4   | Killed Josephine
 14625 | Lair:3   | Received a gift from Okawaru
 15021 | Lair:3   | Found a hole to the Spider Nest.
 15334 | Lair:4   | Noticed Nergalle
 15348 | Lair:4   | Killed Nergalle
 16650 | Lair:6   | Entered Level 6 of the Lair of Beasts
 16696 | Lair:6   | Received a gift from Okawaru
 16699 | Lair:6   | Got an iridescent hand axe {god gift}
 16700 | Lair:6   | Identified the +5 hand axe of Malaise {chop, rPois rC- rN+++ Stlth-} (Okawaru gifted it to you on level 6 of the Lair of Beasts)
 16796 | Lair:6   | Reached skill level 10 in Long Blades
 16814 | Lair:6   | Found a staircase to the Slime Pits.
 16814 | Lair:6   | Found a viscous altar of Jiyva.
 16889 | Lair:6   | Paralysed by a hornet for 1 turns
 17082 | Lair:6   | Received a gift from Okawaru
 17357 | Lair:6   | Reached XP level 15. HP: 136/136 MP: 19/19
 18143 | D:12     | Noticed Frank's ghost (journeyman GrGl)
 18169 | D:12     | Killed Frank's ghost
 18169 | D:12     | Reached skill level 14 in Shields
 18333 | D:12     | Found a sparkling altar of Nemelex Xobeh.
 18503 | D:12     | Noticed Frances
 18520 | D:12     | Killed Frances
 19066 | D:13     | Reached skill level 15 in Shields
 19068 | D:13     | Found an opulent altar of Gozag.
 19396 | Orc:2    | Bought a potion of beneficial mutation for 525 gold pieces
 19396 | Orc:2    | Lost mutation: You heal very quickly. [potion of cure mutation]
 19546 | D:14     | Received a gift from Okawaru
 19710 | D:14     | Reached skill level 16 in Shields
 19899 | D:14     | Found a gate to the Vaults.
 20054 | D:14     | Reached skill level 17 in Shields
 20228 | D:15     | Entered Level 15 of the Dungeon
 20348 | D:15     | Found a shattered altar of Ashenzari.
 20394 | D:15     | Found a staircase to the Depths.
 20986 | Lair:1   | Gained mutation: You are partially covered in rugged brown scales. (AC +1, +3% HP) [potion of beneficial mutation]
 21102 | Swamp:1  | Entered Level 1 of the Swamp
 21226 | Swamp:1  | Noticed Aizul
 21260 | Swamp:1  | Killed Aizul
 21268 | Swamp:1  | Reached XP level 16. HP: 148/148 MP: 20/20
 21504 | Swamp:1  | Found a frozen archway.
 21530 | IceCv    | Entered an ice cave
 21786 | IceCv    | Received a gift from Okawaru
 22693 | IceCv    | HP: 3/149 [ettin simulacrum (31)]
 22693 | IceCv    | Mangled by an ettin simulacrum

Skill      XL: |  1  2  3  4  5  6  7  8  9 10 11 12 13 14 15 |
---------------+----------------------------------------------+-----
Armour         | 4 5 6 7 9 10 11 12 13 | 13.8
Shields        | 4 5 6 7 9 10 11 13 17 | 17.2
Axes           | 3 4 5 6 7 8 10 11 | 11.4
Fighting       | 4 5 6 7 8 10 11 12 13 | 13.8
Dodging        | 1 2 3 4 5 7 9 10 11 12 | 12.4
Invocations    | 7 |  7.0
Long Blades    | 5 12 13 | 13.3

Action                   |  1- 3 |  4- 6 |  7- 9 | 10-12 | 13-15 | 16-18 || total
-------------------------+-------+-------+-------+-------+-------+-------++-------
Melee: War axe           |   112 |    99 |    60 |   310 |       |       ||   581
       Headbutt          |     9 |    18 |   101 |   160 |   446 |    43 ||   777
       Staff             |       |       |   300 |       |       |       ||   300
       Demon blade       |       |       |       |   336 |  1605 |   211 ||  2152
Invok: Heroism           |       |       |       |     5 |    12 |     1 ||    18
       Finesse           |       |       |       |     2 |     7 |       ||     9
  Use: Scroll            |     2 |       |    19 |    11 |    11 |     1 ||    44
       Potion            |       |     1 |     2 |    11 |     4 |     2 ||    20
 Stab: Confused          |       |       |       |       |     2 |       ||     2
  Eat: Chunk             |     1 |     4 |    13 |    10 |    29 |       ||    57
       Bread ration      |       |       |       |     2 |       |       ||     2
       Royal jelly       |       |       |       |     1 |     1 |     1 ||     3
       Fruit             |       |       |       |       |     4 |     2 ||     6
       Beef jerky        |       |       |       |       |     1 |       ||     1
       Pizza             |       |       |       |       |       |     1 ||     1
Armor: Scale mail        |    42 |    35 |     9 |       |       |       ||    86
       Fire dragon scale |       |       |   155 |    68 |       |       ||   223
       Plate armour      |       |       |       |   203 |  1027 |   113 ||  1343
       Chain mail        |       |       |       |    20 |       |       ||    20
Dodge: Dodged            |    54 |    42 |   110 |   232 |   616 |    64 ||  1118
Block: Shield            |    67 |    51 |   185 |   485 |  1198 |   123 ||  2109
       Reflection        |       |       |       |     5 |     8 |     1 ||    14
       Rpst.: Demon blade |       |       |       |    15 |   109 |     6 ||   130
